 Dungeon Crawl Stone Soup version 0.14-a0-2100-g3cf34dd (webtiles) character file.

791 Kae the Basher (level 7, -1/57 HPs)
             Began as a Minotaur Berserker on Jan 26, 2014.
             Was a Priest of Trog.
             Slain by an iguana (12 damage)
             ... on Level 4 of the Dungeon.
             The game lasted 00:03:24 (3409 turns).

Kae the Basher (Minotaur Berserker)                 Turns: 3409, Time: 00:03:25

HP  -1/57        AC  2     Str 22      XL: 7   Next: 13%
MP   3/3         EV 12     Int  6      God: Trog [***...]
Gold 211         SH  0     Dex  9      Spells:  0 memorised,  6 levels left

rFire  . . .     SeeInvis .     a - +0 mace
rCold  . . .     Clarity  .     b - +0 animal skin
rNeg   . . .     Conserve .     (no shield)
rPois  .         rCorr    .     (helmet restricted)
rElec  .         rRot     .     (no cloak)
SustAb . .       Spirit   .     (no gloves)
rMut   .         Warding  .     (no boots)
Saprov . . .     Stasis   .     (no amulet)
MR     .....                    (no ring)
                                (no ring)

@: not resistant to hostile enchantments, very unstealthy
A: retaliatory headbutt, horns 2
a: Burn Spellbooks, Berserk, Trog's Hand, Renounce Religion


You were on level 4 of the Dungeon.
You worshipped Trog.
Trog was most pleased with you.
You were hungry.

You visited 1 branch of the dungeon, and saw 4 of its levels.

You collected 211 gold pieces.

Inventory:

Hand weapons
 a - a +0,+0 mace (weapon)
Armour
 b - a +0 animal skin (worn)
Comestibles
 c - 5 bread rations
 g - 4 meat rations
 s - a pear
Scrolls
 e - 2 scrolls of identify {unknown}
 f - a scroll of remove curse {unknown}
 h - a scroll of fog {unknown}
 i - a scroll of random uselessness {unknown}
 l - a scroll of enchant weapon I {unknown}
 n - a scroll of curse armour {unknown}
 o - a scroll of magic mapping {unknown}
 u - 3 scrolls of enchant weapon II {unknown}
 v - a scroll of teleportation {unknown}
 w - a scroll of curse jewellery {unknown}
 y - a scroll of blinking {unknown}
Jewellery
 d - an uncursed ring of wizardry {unknown}
Potions
 j - a potion of curing {unknown}
 k - a potion of might {unknown}
 m - 2 potions of heal wounds
 p - a potion of confusion {unknown}
 q - a potion of degeneration {unknown}
 r - a potion of brilliance {unknown}


   Skills:
 - Level 3.6 Fighting
 * Level 9.9 Maces & Flails
 - Level 2.4 Armour
 - Level 2.1 Dodging


You had 6 spell levels left.
You didn't know any spells.

Dungeon Overview and Level Annotations

Branches:
Dungeon (4/16)
 Temple: D:4-7

Altars:
Cheibriados


Innate Abilities, Weirdness & Mutations

You reflexively headbutt those who attack you in melee.
You have a pair of horns on your head.


Message History

You barely miss the iguana. Your headbutt misses the iguana.
The iguana is heavily wounded.
The iguana bites you!
You barely miss the iguana.
You headbutt the iguana, but do no damage.
The iguana is heavily wounded.
The iguana bites you.
You are too injured to fight recklessly!
You are too injured to fight recklessly!
You are too injured to fight recklessly!
You are too injured to fight recklessly!
You are too injured to fight recklessly!
You hit the iguana but do no damage.
The iguana is heavily wounded.
The iguana bites you!
* * * LOW HITPOINT WARNING * * *
You barely miss the iguana.
The iguana is heavily wounded.
The iguana bites you!
You die...

. +. . ####. .... ......
.......
.......#######.......
..............##....##
#.............##.....#
.........@)....#......#
l........l##...#......####
..........##...#.........#
.............#..........#
.............#..........#
...##........#...........
. #........#....##.....
##........#....##.....
...........#....##.....


You could see an iguana.

Vanquished Creatures
  A sky beast (D:4)
  An ogre (D:4)
  3 orc priests
  3 orc wizards
  A worker ant (D:4)
  An iguana (D:4)
  5 adders
  2 inept feature mimics (D:3)
  An orc skeleton (D:4)
  2 worms (D:3)
  3 giant geckos
  An ooze (D:1)
  11 orcs
  3 giant cockroaches
  7 goblins
  5 hobgoblins
  7 jackals
  7 kobolds
  2 quokkas (D:4)
  3 ball pythons
  4 bats
  4 giant newts
  A jackal skeleton (D:4)
  7 rats
85 creatures vanquished.

Vanquished Creatures (others)
  2 orc wizards (D:3)
2 creatures vanquished.

Grand Total: 87 creatures vanquished

Notes
Turn   | Place    | Note
--------------------------------------------------------------
     0 | D:1      | Kae, the Minotaur Berserker, began the quest for the Orb.
     0 | D:1      | Reached XP level 1. HP: 19/19 MP: 1/1
    21 | D:1      | Reached skill level 4 in Maces & Flails
   159 | D:1      | Reached XP level 2. HP: 24/26 MP: 1/1
   576 | D:2      | Reached skill level 5 in Maces & Flails
   578 | D:2      | Acquired Trog's second power
   617 | D:2      | Reached XP level 3. HP: 29/31 MP: 2/2
  1180 | D:3      | Reached XP level 4. HP: 22/39 MP: 2/2
  1202 | D:3      | Reached skill level 6 in Maces & Flails
  1699 | D:3      | Reached skill level 7 in Maces & Flails
  1699 | D:3      | Reached XP level 5. HP: 25/45 MP: 2/2
  2386 | D:4      | Noticed a sky beast
  2395 | D:4      | Killed a sky beast
  2395 | D:4      | Reached skill level 8 in Maces & Flails
  2395 | D:4      | Reached XP level 6. HP: 34/51 MP: 3/3
  2979 | D:4      | Found a snail-covered altar of Cheibriados.
  3099 | D:4      | Reached skill level 9 in Maces & Flails
  3387 | D:4      | Noticed an ogre
  3399 | D:4      | Killed an ogre
  3399 | D:4      | Reached XP level 7. HP: 35/57 MP: 3/3
  3409 | D:4      | Slain by an iguana

Action                   |  1- 3 |  4- 6 |  7- 9 || total
-------------------------+-------+-------+-------++-------
Melee: Mace              |    75 |   142 |     7 ||   224
Invok: Burn Spellbooks   |       |     1 |       ||     1
       Berserk           |       |     1 |       ||     1
       Trog's Hand       |       |     1 |       ||     1
  Use: Potion            |       |     1 |       ||     1
